 Dungeon Crawl Stone Soup version 0.25.1-2-g60ff931df9 (webtiles) character file.

Game seed: 9982479350885846407

153 EcosseEcosse the Shield-Bearer (level 5, 0/47 HPs)
             Began as a Minotaur Fighter on Oct 18, 2020.
             Slain by a quasit (2 damage)
             ... on level 3 of the Dungeon on Oct 26, 2020.
             The game lasted 00:07:33 (2457 turns).

EcosseEcosse the Shield-Bearer (Minotaur Fighter)   Turns: 2457, Time: 00:07:34

Health: 0/47       AC:  8    Str: 21    XL:     5   Next: 12%
Magic:  4/4        EV:  2    Int:  5    God:
Gold:   171        SH:  0    Dex: -9 (10) Spells: 4/4 levels left

rFire    x . .     SeeInvis .   a - +1 war axe
rCold    + . .     Gourm    .   c - +0 kite shield
rNeg     . . .     Faith    .   b - +1 scale mail
rPois    .         Spirit   .   (helmet restricted)
rElec    .         Reflect  +   (no cloak)
rCorr    .         Harm     .   (no gloves)
MR       .....                  (no boots)
Stlth    ..........             g - amulet of reflection
HPRegen  0.15/turn              m - ring of ice
MPRegen  0.09/turn              (no ring)

@: mighty, slowed, lost dexterity, very slow
A: retaliatory headbutt, horns 2
a: no special abilities


You were on level 3 of the Dungeon.
You were not hungry.

You visited 1 branch of the dungeon, and saw 3 of its levels.

You collected 171 gold pieces.

Inventory:

Hand Weapons
 a - a +1 war axe (weapon)
Armour
 b - a +1 scale mail (worn)
 c - a +0 kite shield (worn)
Jewellery
 g - an amulet of reflection (around neck)
 m - a ring of ice (left hand)
 r - a +6 ring of intelligence
Scrolls
 h - a scroll of identify
 k - 3 scrolls of remove curse
 s - a scroll of immolation {unknown}
 t - a scroll of noise {unknown}
Potions
 e - a potion of degeneration {unknown}
 i - a potion of curing
 j - 2 potions of flight {unknown}
 o - a potion of haste {unknown}
 p - a potion of mutation {unknown}
Comestibles
 f - 7 rations


   Skills:
 + Level 4.5 Fighting
 + Level 3.9 Axes
 + Level 4.6 Armour
 + Level 0.7 Dodging
 + Level 4.7 Shields


You had 4 spell levels left.
You didn't know any spells.
Your spell library was empty.

Dungeon Overview and Level Annotations

Branches:
Dungeon (3/15)

Altars:
Cheibriados

Annotations:
D:3 lllmatko's ghost, amateur MiBe


Innate Abilities, Weirdness & Mutations

You reflexively headbutt those who attack you in melee.
You have a pair of horns on your head.


Message History

You feel clumsy.
The quasit claws you but does no damage.
The quasit claws you.
* * * LOW HITPOINT WARNING * * *
You feel clumsy.
The quasit bites you but does no damage.
The quasit claws you but does no damage. x2
The quasit bites you but does no damage.
The quasit claws you but does no damage. x2
The quasit bites you but does no damage.
The quasit claws you but does no damage. x2
The quasit bites you but does no damage.
The quasit claws you but does no damage. x2
Unknown command.
You feel very mighty all of a sudden. The quasit bites you.
* * * LOW HITPOINT WARNING * * *
The quasit claws you but does no damage.
The quasit claws you.
You die...

#.# #....>....................
#.# #...###.##################
####.###.....#.##########........
...........#.........(.##........
####.....#.#...........##.#.#.#.#
###......#.#...........##........
......##.#.............##.#......
....#.#####....555.....##........
#####.......####@###......#....>.
# #...#####..###.##..##........ #
#...#....#......##.####...... #
#..##...#...#.W..#.# #....... #
###..#......#..##..#.####.#.#.# #
#....#..##..©..#..©#..#######.. #
#....#....?#.....#.##....# #.. #
#....##.##..=###....#....# #..
###.....#,,...%(..#..##....# #..


You could see 3 quasits.

Vanquished Creatures
  Terence (D:3)
  A gnoll (D:3)
  3 adders
  2 oozes
  2 worms (D:3)
  4 dart slugs
  A leopard gecko (D:2)
  4 orcs (D:3)
  5 bats
  A giant cockroach (D:2)
  10 goblins
  3 hobgoblins
  6 jackals
  2 quokkas
  A ball python (D:3)
  6 frilled lizards
  8 kobolds
  8 rats
68 creatures vanquished.

Notes
Turn   | Place    | Note
-------+----------+-------------------------------------------
     0 | D:1      | EcosseEcosse the Minotaur Fighter began the quest for the
                  | Orb.
     0 | D:1      | Reached XP level 1. HP: 19/19 MP: 0/0
   205 | D:1      | Reached XP level 2. HP: 26/27 MP: 1/1
   451 | D:1      | Reached XP level 3. HP: 32/33 MP: 2/2
  1284 | D:3      | Reached XP level 4. HP: 3/41 MP: 3/3
  1284 | D:3      | HP: 2/41 [poisoned by an adder]
  1827 | D:3      | Found a transporter.
  1829 | D:3      | Noticed lllmatko's ghost (amateur MiBe)
  1843 | D:3      | Found a transporter.
  1903 | D:3      | Noticed Terence
  1914 | D:3      | Killed Terence
  1914 | D:3      | Reached XP level 5. HP: 43/47 MP: 4/4
  2077 | D:3      | Found a snail-covered altar of Cheibriados.
  2448 | D:3      | Lost dexterity.
  2457 | D:3      | HP: 2/47 [quasit (2)]
  2457 | D:3      | Slain by a quasit

Illustrated notes

Levels and vault maps discovered:
D:1:      dpeg_arrival_three_same_balls, layout_loops_ring
D:2:      layout_rooms, minmay_tromino_v4_c
D:3:      layout_basic, gammafunk_ghost_stat_death, st_stairs_4,
          kennysheep_slug_shrine, uniq_terence

Skill      XL: |  1  2  3 |
---------------+----------+-----
Shields        | 4 |  4.7
Fighting       | 4 |  4.5
Armour         | 4 |  4.6
Axes           | 3 |  3.9
Dodging        | |  0.7

Action                   |  1- 3 |  4- 6 || total
-------------------------+-------+-------++-------
Melee: War axe           |   111 |    78 ||   189
       Headbutt          |    15 |     9 ||    24
  Use: Scroll            |       |     6 ||     6
       Potion            |       |     3 ||     3
  Eat: Chunk             |     1 |     4 ||     5
Armor: Scale mail        |    70 |   236 ||   306
Dodge: Dodged            |    38 |    62 ||   100
Block: Kite shield       |    75 |   104 ||   179
       Reflection        |       |     5 ||     5
